Cogmind - Beta 14 @@@ ROGUE MODE // 2024.08.21 @ 19:54:15 Player: Syanka Result: Destroyed by VG-ZWX(R) with Subdweller Laser Performance ------------- Evolutions (0) 0 Regions Visited (2) 400 Robots Destroyed (30) 150 Value Destroyed (715) 715 Prototype IDs (3) 60 Alien Tech Used (0) 0 Bonus (-39) -39 TOTAL SCORE: 1286 Bonus ------- Friendly Fire -39 Cogmind --------- Core Integrity 0/250 Matter 196/300 Energy 124/250 System Corruption 0% Temperature Cool (6) Movement Treading (160) Location -10/Subcaves Parts ------- > --- POWER (1) -------- Ion Engine > --- PROPULSION (2) --- Light Treads Light Treads > --- UTILITY (2) ------ Large Storage Unit Makeshift Light Armor Plating > --- WEAPON (2) ------- Improved Assault Rifle Improved Assault Rifle > --- INVENTORY (15) --- Light Treads Improved Heat Sink High-capacity Matter Pod (200) Seismic Detector Tractor Beam EM Pulse Gun Subdweller Laser Subdweller Beam Cannon Subdweller Beam Cannon Grenade Launcher Grenade Launcher Plasma Cutter Peak State ------------ > --- POWER ------------ Light Nuclear Core > --- PROPULSION ------- Light Treads Light Treads > --- UTILITY ---------- Large Storage Unit Makeshift Light Armor Plating > --- WEAPON ----------- Improved Assault Rifle Improved Assault Rifle > --- INVENTORY -------- Ion Engine Light Treads Heat Sink Improved Heat Sink High-capacity Matter Pod Seismic Detector Tractor Beam EM Pulse Gun EM Pulse Gun Subdweller Laser Subdweller Laser Subdweller Beam Cannon Grenade Launcher Grenade Launcher Plasma Cutter [Rating: 18] Favorites ----------- Power Light Nuclear Core Engine Ion Engine Power Core Light Nuclear Core Propulsion Light Treads Treads Light Treads Wheel Compact Wheel Utility Seismic Detector Device Seismic Detector Storage Large Storage Unit Protection Makeshift Light Armor Plating Weapon Improved Assault Rifle Energy Gun Beam Rifle Energy Cannon Subdweller Beam Cannon Ballistic Gun Improved Assault Rifle Launcher Grenade Launcher Build | -11 -10 -10 ------- Run | Yrd Mat Sub Slots Evolved . | . . . Power . | . . . Propulsion . | . . . Utility . | . . . Weapon . | . . . Parts Attached 47 | 7 20 20 Power 3 | 1 1 1 Engine 2 | 1 . 1 Core 1 | . 1 . Reactor . | . . . Propulsion 8 | 2 4 2 Treads 6 | . 4 2 Leg . | . . . Wheel 2 | 2 . . Hover . | . . . Flight . | . . . Utility 15 | 2 7 6 Device 11 | 1 6 4 Storage 2 | 1 1 . Processor . | . . . Hackware . | . . . Protection 2 | . . 2 Artifact . | . . . Weapon 21 | 2 8 11 Energy Gun 7 | . 4 3 Energy Cannon 2 | . . 2 Ballistic Gun 10 | 2 4 4 Ballistic Cannon . | . . . Launcher 2 | . . 2 Special Weapon . | . . . Impact Weapon . | . . . Slashing Weapon . | . . . Piercing Weapon . | . . . Special Melee Weapon . | . . . Unidentified Prototypes . | . . . Parts Lost 2 | . . 2 Power 1 | . . 1 Propulsion 1 | . . 1 Utility . | . . . Weapon . | . . . Highest Loss Streak 1 | . . 1 To Critical Strikes . | . . . Average Slot Usage (%) 99 | . 100 99 Engine 3 | . 5 . Core 10 | . 8 13 Treads 25 | . 23 27 Wheel 2 | . 4 . Device 13 | . 14 11 Storage 14 | . 14 14 Energy Gun 5 | . 6 3 Ballistic Gun 22 | . 21 24 Peak Build Rating 18 | 8 17 18 Average Rating 13 | 5 12 15 On Entrance 7 | . 8 15 Naked Turns . | . . . Heaviest Build 37 | 14 32 37 Greatest Support 40 | 32 40 40 Greatest Overweight (x) . | . . . Average Overweight (x) . | . . . Largest Inventory Capacity 15 | 8 15 15 Average Capacity 13 | 7 12 15 Most Carried 15 | 8 15 15 Average Carried 12 | 4 11 14 Final Capacity 15 | 8 15 15 Final Carried 15 | 8 15 12 Class Distribution -------------------- 100% | Mutant Dominant Class ---------------- Mutant | -10/Materials Mutant | -10/Subcaves Resources | -11 -10 -10 ----------- Run | Yrd Mat Sub Matter Collected 1087 | 240 598 249 Remotely . | . . . Salvage Created 967 | 67 679 221 Parts 66 | 7 39 20 Haulers Intercepted 2 | . 2 . Recyclers Shooed 2 | . 2 . Parts Field Recycled . | . . . Retrieved Matter . | . . . Parts Self-Destructed 5 | . . 5 Prevented . | . . . Kills | -11 -10 -10 ------- Run | Yrd Mat Sub Combat Hostiles Destroyed 21 | . 11 10 Guns 15 | . 11 4 AOE 6 | . . 6 Classes Destroyed 8 | 2 4 2 Worker 1 | . 1 . Tunneler 1 | 1 . . Hauler 2 | . 2 . Recycler 2 | 1 1 . Watcher 3 | . 3 . Swarmer 6 | . . 6 Grunt 11 | . 11 . Subdweller 4 | . . 4 Best Kill Streak 6 | 2 6 3 Combat Bots Only 3 | . 3 3 Max Kills in Single Turn 2 | 1 2 2 Gunslinging . | . . . Exploded 2 | . . 2 Melee . | . . . Uniques/NPCs Destroyed . | . . . Combat | -11 -10 -10 -------- Run | Yrd Mat Sub Hostile Shots Fired 93 | . 48 45 Missed 21 | . 14 7 Damage Taken 1125 | . 406 719 Core 255 | . 71 184 Absorbed by Shields . | . . . Regen/Repaired (Parts) 115 | . 115 . Core Remaining (%) 100 | 100 . . Volleys Fired 95 | 5 61 29 Largest 2 | 2 2 2 Hottest 112 | 40 112 103 Shots Fired 185 | 10 121 54 Gun 179 | 10 121 48 Cannon 2 | . . 2 Launcher 4 | . . 4 Special . | . . . Kinetic 119 | 10 68 41 Thermal 57 | . 48 9 Explosive 4 | . . 4 Electromagnetic 5 | . 5 . Robot Hit Streak 25 | 5 13 25 Robot Miss Streak 5 | 1 5 1 Penetration Max . | . . . Secondary Targets 1 | . 1 . Max Gunslinging Chain 1 | . 1 . Shots Hit Robots 128 | 7 86 35 Core Hits 46 | 4 28 14 Critical Kills 2 | . 2 . Critical Parts Destroyed 2 | . 2 . Critical Strikes 6 | . 6 . Burn 2 | . 2 . Destroy 4 | . 4 . Melee Attacks . | . . . Impact . | . . . Slashing . | . . . Piercing . | . . . Sneak Attacks . | . . . Combat Hostiles . | . . . Follow-up Attacks . | . . . Damage Inflicted 2151 | 64 1202 885 Guns 1739 | 64 1153 522 Cannons . | . . . Explosions 412 | . 49 363 Melee . | . . . Ramming . | . . . Kinetic 1074 | 64 546 464 Thermal 677 | . 619 58 Explosive 363 | . . 363 Electromagnetic 37 | . 37 . Impact . | . . . Slashing . | . . . Piercing . | . . . Highest Corruption . | . . . Average Corruption . | . . . Corruption Purged . | . . . Corruption Blocked . | . . . Overload Shots . | . . . Overflow Damage . | . . . Projectiles . | . . . Explosions . | . . . Melee . | . . . Knockbacks . | . . . Impact . | . . . Kinetic . | . . . Secondary . | . . . Self-Inflicted Damage . | . . . Shots . | . . . Rammed . | . . . Targets Rammed . | . . . Kicked . | . . . Crushed . | . . . Highest Temperature 153 | . 153 . Average Temperature 47 | . 47 . Received Heat Transfer 375 | . 228 147 Siege Activations . | . . . Robots Corrupted . | . . . Combat Hostiles . | . . . Parts Fried . | . . . Impact Corruptions . | . . . Robots Melted . | . . . Combat Hostiles . | . . . Parts Melted 3 | . 3 . Heat Transferred 1839 | . 1691 148 Parts Sabotaged . | . . . Parts Stolen . | . . . Parts Stripped . | . . . Power Chain Reactions 1 | . 1 . Alert | -11 -10 -10 ------- Run | Yrd Mat Sub Peak Influence 178 | 10 178 . Initial 6 | . 6 . Average 44 | 4 46 . Maximum Alert Level . | . . . Low Security (%) 100 | 100 100 . Level 1 . | . . . Level 2 . | . . . Level 3 . | . . . Level 4 . | . . . Level 5 . | . . . High Security . | . . . Max Security . | . . . Squads Dispatched 1 | . 1 . Investigation 1 | . 1 . Extermination . | . . . Reinforcement . | . . . Assault . | . . . Garrison . | . . . Intercept . | . . . Searches Triggered . | . . . Construction Impeded . | . . . Haulers Reinforced . | . . . Active Scanning Responses . | . . . Cargo Convoy Interrupts . | . . . Stealth | -11 -10 -10 --------- Run | Yrd Mat Sub Distress Signals 1 | . 1 . Communications Jammed . | . . . Distress Signals . | . . . Times Spotted 27 | . 16 11 Peak Tracking Total 3 | . 3 3 Tactical Retreats . | . . . Traps | -11 -10 -10 ------- Run | Yrd Mat Sub Traps Triggered 2 | . 1 1 Indirectly . | . . . Trap Hack Attempts . | . . . Triggered . | . . . Disarmed . | . . . Reprogrammed . | . . . Reused . | . . . Traps Extracted . | . . . Installed . | . . . Triggered . | . . . Machines | -11 -10 -10 ---------- Run | Yrd Mat Sub Machines Disabled 1 | . 1 . Max in Single Turn 1 | . 1 . Machines Repaired . | . . . Machines Dismantled . | . . . Machines Sabotaged . | . . . Overloaded Fab Kills . | . . . Hacking | -11 -10 -10 --------- Run | Yrd Mat Sub Machines Accessed 9 | . 9 . Terminals 6 | . 6 . Fabricators . | . . . Repair Stations 1 | . 1 . Recycling Units 2 | . 2 . Scanalyzers . | . . . Garrison Access . | . . . Total Hacks 27 | . 27 . Successful 12 | . 12 . Failed 14 | . 14 . Catastrophic . | . . . Database Lockouts 1 | . 1 . Manual 16 | . 16 . Terminals 20 | . 20 . Fabricators . | . . . Repair Stations 2 | . 2 . Recycling Units 5 | . 5 . Scanalyzers . | . . . Garrison Access . | . . . Terminal Hacks 6 | . 6 . Robot Analysis 1 | . 1 . Prototype ID Bank 2 | . 2 . Locate Traps 1 | . 1 . Zone Layout 2 | . 2 . Fabricator Hacks . | . . . Repair Station Hacks 2 | . 2 . Scan Component 1 | . 1 . Repair 1 | . 1 . Recycling Unit Hacks 1 | . 1 . Retrieve Components 1 | . 1 . Scanalyzer . | . . . Garrison Access Hacks . | . . . Unauthorized Hacks 3 | . 3 . Terminals 3 | . 3 . Assimilate 3 | . 3 . Fabricators . | . . . Repair Stations . | . . . Recycling Units . | . . . Scanalyzers . | . . . Garrison Access . | . . . Data Cores Recovered . | . . . Used . | . . . Hacking Detections 6 | . 6 . Full Trace Events . | . . . Feedback Events . | . . . Feedback Blocked . | . . . Robot Schematics Acquired . | . . . Robots Built . | . . . Authchips . | . . . Time . | . . . Total Robot Build Rating . | . . . Part Schematics Acquired . | . . . Parts Built . | . . . Authchips . | . . . Time . | . . . Total Part Build Rating . | . . . Parts Repaired 1 | . 1 . Time 26 | . 26 . Parts Recycled . | . . . Recycled Matter . | . . . Retrieved Matter . | . . . Retrieved Components 9 | . 9 . Parts Scanalyzed . | . . . Part Schematics Acquired . | . . . Parts Damaged . | . . . Bothacking | -11 -10 -10 ------------ Run | Yrd Mat Sub Used RIF Installer . | . . . Robots Hacked . | . . . Non-combat . | . . . Combat . | . . . Robot Hacks Applied . | . . . Relay Couplers Released . | . . . Fabnet Peak Effective % . | . . . Robots Rewired . | . . . Allies Hacked . | . . . Hacks Repelled . | . . . Allies | -11 -10 -10 -------- Run | Yrd Mat Sub Total Allies 1 | . 1 . Largest Group 1 | . 1 . Highest-Rated Group 10 | . 10 . Highest-Rated Ally 10 | . 10 . Total Orders 2 | . 2 . STAY 1 | . 1 . FOLLOW 1 | . 1 . Ally Attacks . | . . . Total Damage . | . . . Kills . | . . . Allies Corrupted . | . . . Allies Melted . | . . . Intel | -11 -10 -10 ------- Run | Yrd Mat Sub Robot Analysis Total 1 | . 1 . Derelict Logs Recovered 2 | . . 2 Drone Launches . | . . . Drone Recoveries . | . . . Exploration | -11 -10 -10 ------------- Run | Yrd Mat Sub Turns Passed 2774 | 84 1573 1117 Spaces Moved 1461 | 56 826 579 Core 8 | 8 . . Treads 1262 | . 683 579 Legs . | . . . Wheels 191 | 48 143 . Hover . | . . . Flight . | . . . Fastest Speed 50 | 50 100 160 Average Speed 151 | 92 149 160 Slowest Speed 160 | 100 160 160 Overloaded Moves . | . . . Propulsion Burnouts . | . . . Robots Hopped . | . . . Cave-ins Triggered . | . . . Exploration Rate (%) 44 | 4 99 29 Regions Visited 2 Branch Regions 1 Pre-discovered Areas 2 | . . 2 Known Exits Taken . | . . . Unknown Exits Taken 2 | 1 1 . Scrap Searched 1 | . . 1 Spaces Dug 1 | . . 1 Terrain Destroyed 15 | . 1 14 Melee . | . . . Projectile 1 | . . 1 AOE 14 | . 1 13 Terrain Rammed . | . . . Walls Destroyed . | . . . Machines Disabled . | . . . Actions | -11 -10 -10 --------- Run | Yrd Mat Sub Total 1835 | 75 1048 712 Wait 182 | . 111 71 Move 1459 | 55 825 579 Hop . | . . . Pick Up 30 | 8 17 5 Fast Attach 11 | 7 2 2 Attach 2 | . . 2 Detach . | . . . Swap 34 | . 18 16 Drop 22 | . 14 8 Fire 95 | 5 61 29 Melee . | . . . Ram . | . . . Kick . | . . . Crush . | . . . Escape Stasis . | . . . Rewire . | . . . Trap . | . . . Miscellaneous . | . . . Route ------- -11/Scrapyard -10/Materials (discovered 6 exits: [*Mat x3] / [*Min x2] / [*Sub]) -10/Subcaves (discovered 1 exit: [*Mat]) History --------- Turn | Location | Event 5 | -11/Scrapyard | Discovered new exit (range 14) 85 | -11/Scrapyard | Entered Materials 98 | -10/Materials | Central database locked down 360 | -10/Materials | Build established: Mutant 527 | -10/Materials | Discovered new exit (range 16) 800 | -10/Materials | Discovered new exit (range 11) 880 | -10/Materials | Repaired Lgt. Treads 994 | -10/Materials | Discovered new exit (range 16) 1143 | -10/Materials | Discovered new exit (range 16) 1474 | -10/Materials | Discovered new exit (range 16) 1645 | -10/Materials | Discovered new exit (range 9) 1658 | -10/Materials | Entered Subcaves 1765 | -10/Subcaves | Learned location of Zion (-7) 1900 | -10/Subcaves | Core integrity fell below 50% 1968 | -10/Subcaves | Discovered new exit (range 15) 2161 | -10/Subcaves | Disturbed a concealed Subdweller 2767 | -10/Subcaves | Core integrity fell below 20% 2775 | -10/Subcaves | Destroyed by VG-ZWX(R) with Subdweller Laser Last Messages --------------- 02191_ Acquired Sub. Laser. 02194_ Acquired 13 matter. 02298_ S-10 Pest destroyed. 02303_ Lgt. Assault Rifle fries itself beyond repair. 02305_ Flight Unit fries itself beyond repair. 02312_ The unstable cave ceiling collapses. 02319_ Acquired 2 matter. 02321_ Acquired 1 matter. 02333_ The unstable cave ceiling collapses. 02340_ Acquired 6 matter. 02343_ Acquired 13 matter. 02525_ Acquired 11 matter. 02714_ Dropped Sub. Laser. 02718_ Acquired Sub. Beam Cannon. 02725_ Dropped Heat Sink. 02726_ Dropped EM Pulse Gun. 02764_ 3M-TMQ(R) destroyed. 02768_ Lgt. Nuclear Core destroyed. 02774_ VG-ZWX(R) affixes Scrap Shield Fragment to Scrap Shield. Map ----- +----------------------------------------------------+ | ?????????#### ?????## #??????????????## #???? | | ????????# ??### ##??????????????# ##???? | | ????????# ## # #??????????????###????? | | ?????????# % % ##?????????????????????? | | ????????????## ##?????????????????????? | | ??????????? " # # # ## #?????????????????????? | | ?????????????? & ### ######?????????????????????? | | ?????????????? ### #??????????????????????????? | | ?????????????? " #?## #??????????????????????????? | | ??????????????" #??# #??????????????????????????? | | ??????????????# #### ##?????????????????????????? | | ????????????### ## ##????????????????????????? | | ???????????## # ##???????????????????????? | | ??????????## ## ##??????????????????????? | | ??????????# # # # ##?????????????????????? | | ???????????# ##### ## ##????????????????????? | | ?????????### #?## ### ##???????????????????? | | ????????## ### ## #???????????????????? | | ???????## ## ## ##???????????????????? | | ???????# ## ## ## ##??????????????????? | | ???????# ### ### # ## #??????????????????? | | ???????## ## #### #### ####????????????????? | | ????????## #?# ## ## #????????????????? | | ?????????## ### # #????????????????? | | ??????????# # [ #????????????????? | | ??????????# #### # ## @ [##????????????????? | | ??????????# ###??########%= !###???????????????? | | ??????????###???????????#R #???????????????? | | ????????????????????????# ## #??????????????? | | ???????????????????????## #? ##??????????????? | | ???????????????????????# #? #???????????????? | | ?????????????????????? = ##? #???????????????? | | ???????????????????? ! ##?? #???????????????? | | ?????????????????? #??? ???????????????? | | ?????????????????# #???? ???????????????? | | ???????????????? #???? ??????????????? | | ?????????????? #???? ??????????????? | | ????????????? ##???? ?????????????? | | ???????????? #????? #?????????????? | | ???????????? #??????###?????????????? | | ????????????? ??????????????????????? | | ????????????? ## ??????????????????????? | | ??????????????? ?# ####??????????????????????? | | ???????????????????# ??????????????????????????? | | ???????????????????? ??????????????????????????? | | ?????????????????????? ??????????????????????????? | | ?????????????????????????????????????????????????? | | ?????????????????????????????????????????????????? | | ?????????????????????????????????????????????????? | | ?????????????????????????????????????????????????? | +----------------------------------------------------+ Best States ------------- Heat Dissipation 39 Energy Generation 14 Energy Capacity 250 Matter Stores 300 Matter Capacity 300 Sight Range 16 Terrain Scan Density 10 Armor Coverage 100 Evasion (%) 40 Recoil Reduction 2 Item Schematics ----------------- None Robot Schematics ------------------ None Fabricated ------------ Nothing Alien Tech Used ----------------- None Achievements -------------- None Challenges ------------ None Game ------ Seed GlidesysRegenerativeCasing Manual? 0 Play Time 00:24:01 Cumulative 84.5 hours Start 2024.08.21 @ 19:30:31 End 2024.08.21 @ 19:54:15 Sessions 1 Manual Loads 0 Difficulty Rogue Special Mode None Game No. 57 Rogue 44 Adventurer 13 Explorer 0 Win Type - Total 1 Types 1/0/0/0/0/0/0/0/0 Lore% 27 Gallery% 44 Achievement% 40 Wizard Run 0 Options --------- Layout 2 ASCII 0 Keyboard 1 Movement Numpad Keybinds 0 Fullscreen 2 Font 16/Swanston Map View 55x47 Zoom Use 0% Tactical HUD 1 Map Filters NONE Filters NONE Steam 0 RUN: a794114b-71b5-465b-84f4-90755d6f11b2